 Dungeon Crawl Stone Soup version 0.23.2-33-g5129a83184 (webtiles) character file.

Game seed: 10777992459217778067

20 Aesthetico the Skirmisher (level 3, 0/29 HPs)
             Began as a Formicid Abyssal Knight on July 18, 2019.
             Was a Follower of Lugonu.
             Slain by a leopard gecko (2 damage)
             ... on level 1 of the Dungeon.
             The game lasted 00:01:29 (397 turns).

Aesthetico the Skirmisher (Formicid Abyssal Knight)  Turns: 397, Time: 00:01:29

Health: 0/29       AC:  3    Str: 17    XL:     3   Next: 0%
Magic:  4/4        EV: 11    Int: 11    God:    Lugonu [*.....]
Gold:   0          SH:  0    Dex: 10    Spells: 2/2 levels left

rFire    . . .     SeeInvis +   a - +1 falchion
rCold    . . .     Gourm    .   (no shield)
rNeg     . . .     Faith    .   b - +0 leather armour
rPois    .         Spirit   .   (helmet unavailable)
rElec    .         Reflect  .   (no cloak)
rCorr    .         Harm     .   (no gloves)
MR       .....                  (no boots)
Stlth    +.........             (no amulet)
HPRegen  0.09/turn              (no ring)
MPRegen  0.09/turn              (no ring)

@: lightly drained
A: permanent stasis, dig shafts and tunnels, four strong arms, antennae 3
a: Dig, Shaft Self, Depart the Abyss, Renounce Religion


You were on level 1 of the Dungeon.
You worshipped Lugonu.
Lugonu was aware of your devotion.
You were not hungry.

You visited 1 branch of the dungeon, and saw 1 of its levels.
You visited the Abyss 1 time.

Inventory:

Hand Weapons
 a - a +1 falchion (weapon)
Armour
 b - a +0 leather armour (worn)
Scrolls
 d - 3 scrolls of identify {unknown}
Comestibles
 c - 4 rations
 f - 4 chunks of flesh


   Skills:
 - Level 3.2(2.8) Fighting
 + Level 3.2(2.8) Long Blades
 - Level 2.1(1.7) Armour
 - Level 0.8(0.4) Dodging
 - Level 2.1(1.7) Invocations


You had 2 spell levels left.
You didn't know any spells.
Your spell library was empty.

Dungeon Overview and Level Annotations

Branches:
Dungeon (1/15)

Altars:


Innate Abilities, Weirdness & Mutations

You cannot be hasted, slowed, berserked, paralysed or teleported.
You can dig through walls and to a lower floor.
Your four strong arms can wield two-handed weapons with a shield.
You have a pair of large antennae on your head. (SInv)


Message History

You miss the leopard gecko.
The leopard gecko is severely wounded.
The leopard gecko bites you but does no damage.
The leopard gecko barely misses you.
You riposte.
You barely miss the leopard gecko.
The leopard gecko is severely wounded.
You barely miss the leopard gecko.
The leopard gecko is severely wounded.
The leopard gecko bites you.
* * * LOW HITPOINT WARNING * * *
You miss the leopard gecko.
The leopard gecko is severely wounded.
The leopard gecko misses you.
You riposte.
You hit the leopard gecko but do no damage.
The leopard gecko is severely wounded.
The leopard gecko bites you.
* * * LOW HITPOINT WARNING * * *
You see here a scroll labeled WIVVUE VOFULIMNEG.
The leopard gecko bites you.
You die...

#...# #...##. # ##########
#..... .# .........#
#...####.# .........#
#...#....#
.........#######...#..#.#.#
......÷..................>#
.........####...@l?...#.#
...........##......!....#
...........##........####
########...##........# ##
#...##........# .#
#...########....# .# ##♣♣♣
#.#### .## ♣♣♣♣8♣♣♣♣ #.#
..# ♣♣≈≈≈≈≈≈≈♣♣ .#


You could see a leopard gecko.

Vanquished Creatures
  An ooze (D:1)
  2 leopard geckos (D:1)
  A giant cockroach (D:1)
  A goblin (D:1)
  2 hobgoblins (D:1)
  2 kobolds (D:1)
  3 bats (D:1)
  2 rats (D:1)
14 creatures vanquished.

Notes
Turn   | Place    | Note
-------+----------+-------------------------------------------
     0 | Abyss:1  | Aesthetico the Formicid Abyssal Knight began the quest for
                  | the Orb.
     0 | Abyss:1  | Reached XP level 1. HP: 18/18 MP: 2/2
    63 | Abyss:1  | Noticed a small abomination
    64 | Abyss:1  | Noticed a thrashing horror
    68 | D:1      | Escaped the Abyss
   182 | D:1      | Reached XP level 2. HP: 21/24 MP: 3/3
   286 | D:1      | Reached * piety under Lugonu
   379 | D:1      | Reached XP level 3. HP: 17/29 MP: 4/4
   397 | D:1      | Slain by a leopard gecko

Skill      XL: |  1  2 |
---------------+-------+-----
Long Blades    | 3 |  3.2
Fighting       | |  3.2
Armour         | |  2.1
Dodging        | |  0.8
Invocations    | |  2.1

Action                   || total
-------------------------++-------
Melee: Falchion          ||    48
Invok: Depart the Abyss  ||     1
Armor: Leather armour    ||    19
Dodge: Dodged            ||    35
       Rpst.: Falchion   ||    11
